 Dungeon Crawl Stone Soup version 0.16.1-30-g34a7ffa (webtiles) character file.

1314 RepoMan the Conjurer (level 8, 52/52 HPs)
             Began as a Mummy Wizard on June 16, 2015.
             Was a Believer of Dithmenos.
             Safely got out of the dungeon.
             The game lasted 01:11:10 (7537 turns).

RepoMan the Conjurer (Mummy Wizard)                 Turns: 7537, Time: 01:11:10

Health: 52/52      AC:  5    Str: 10    XL:     8   Next: 32%
Magic:  47/47      EV: 12    Int: 19    God:    Dithmenos [**....]
Gold:   452        SH:  0    Dex: 10    Spells: 4 memorised, 11 levels left

rFire  x . .     SeeInvis +     k - staff of power
rCold  + . .     Clarity  .     a - +0 robe
rNeg   + + +     SustAb   .     (no shield)
rPois  ∞         Gourm    .     e - +1 helmet
rElec  .         Spirit   .     w - +0 cloak
rCorr  .         Warding  .     (no gloves)
rMut   .         Stasis   .     (no boots)
MR     +....                    (no amulet)
Stlth  ++........               h - ring of magical power
                                C - ring of Waqoecud {rPois SInv}

@: wreathed by umbra, somewhat resistant to hostile enchantments, unstealthy
A: no food or potions, fire vulnerability, restore body, cold resistance 1,
negative energy resistance 3, poison resistance, torment resistance, unbreathing
a: Shadow Step, Renounce Religion


You escaped.
You worshipped Dithmenos.
Dithmenos was pleased with you.
You were not hungry.

You visited 1 branch of the dungeon, and saw 7 of its levels.

You collected 452 gold pieces.

Inventory:

Hand weapons
 n - a +0 whip of electrocution
 t - a +0 blowgun
 B - the +7 dagger "Coischul" {drain, -Cast rElec rF++}
   (You found it on level 5 of the Dungeon)

   A truly terrible weapon, it drains the life of those it strikes.
   It greatly protects you from fire.
   It insulates you from electricity.
   It prevents spellcasting.
Missiles
 g - a throwing net (quivered)
 m - 57 poisoned needles
 r - 8 curare-tipped needles
Armour
 a - a +0 robe (worn)
 e - a +1 helmet (worn)
 w - a +0 cloak (worn)
Magical staves
 k - an uncursed staff of power (weapon)
Jewellery
 h - a ring of magical power (right hand)
 C - the ring of Waqoecud (left hand) {rPois SInv}
   (You found it on level 5 of the Dungeon)

   [ring of poison resistance]

   It protects you from poison.
   It enhances your eyesight.
Scrolls
 b - a scroll of teleportation
 d - a scroll of fog
 i - 2 scrolls of identify
 j - 3 scrolls of remove curse
 p - a scroll of recharging
 u - 3 scrolls of enchant armour
 v - a scroll of fear
 x - a scroll of amnesia
 y - a scroll of enchant weapon
Books
 c - a book of Minor Magic

   Spells                             Type                      Level
   a - Magic Dart                     Conjuration                  1
   b - Blink                          Translocation                2
   c - Call Imp                       Summoning                    2
   d - Repel Missiles                 Charms/Air                   2
   e - Slow                           Hexes                        2
   f - Conjure Flame                  Conjuration/Fire             3
   g - Mephitic Cloud                 Conjuration/Poison/Air       3
 o - a book of Alchemy

   Spells                             Type                      Level
   a - Sublimation of Blood           Necromancy                   2
   b - Alistair's Intoxication        Transmutation/Poison         4
   c - Condensation Shield            Ice                          4
   d - Petrify                        Transmutation/Earth          4
   e - Ignite Poison                  Fire/Transmutation           5
   f - Irradiate                      Conjuration/Transmutation    5
 z - a book of Frost

   Spells                             Type                      Level
   a - Freeze                         Ice                          1
   b - Throw Frost                    Conjuration/Ice              2
   c - Ozocubu's Armour               Charms/Ice                   3
   d - Throw Icicle                   Conjuration/Ice              4
   e - Summon Ice Beast               Ice/Summoning                4
   f - Condensation Shield            Ice                          4


   Skills:
 - Level 1.7 Dodging
 - Level 1.5 Stealth
 + Level 6.2 Spellcasting
 * Level 6.8 Conjurations
 - Level 0.7 Summonings
 - Level 0.7 Translocations


You had 11 spell levels left.
You knew the following spells:

 Your Spells              Type           Power        Failure   Level  Hunger
a - Magic Dart            Conj           ####         1%          1    N/A
b - Blink                 Tloc           N/A          14%         2    N/A
c - Call Imp              Summ           #.......     14%         2    N/A
d - Mephitic Cloud        Conj/Pois/Air  ##......     14%         3    N/A

Dungeon Overview and Level Annotations

Branches:
Dungeon (7/15)             Temple (0/1) D:4

Altars:
Ashenzari
Dithmenos
Fedhas
Kikubaaqudgha
Vehumet
Yredelemnul

Annotations:
D:5 trantor's ghost, average MiFi


Innate Abilities, Weirdness & Mutations

You do not eat or drink.
Your flesh is vulnerable to fire.
Your flesh is cold resistant.
You are immune to negative energy.
Your system is resistant to poisons.
You are immune to unholy pain and torment.
You can survive without breathing.


Message History

a flail; a gnoll corpse
(D) Dungeon (T) Temple
Where to? (Enter - D:1, ? - help)
There is a stone staircase leading up here.
You climb upwards.
There is a stone staircase leading down here.
Magic restored.
There is a stone staircase leading up here.
You climb upwards.
There is a stone staircase leading down here.
There is an escape hatch in the ceiling here.
A mysterious force pulls you upwards. The hatch slams shut behind you.
There is a stone staircase leading up here.
You climb upwards.
There is a stone staircase leading down here.
You see here a bat skeleton.
You see here a club.
There is a staircase leading out of the dungeon here.
Are you sure you want to leave the Dungeon?
This will make you lose the game!
You have escaped!

### ###.....^.......### ####.#
##.................## #....#
##.........####......## ####†#
##........########.....## #.#
#.......####....###.....# #.#
##......###........##....#####.#
#.......##(..###...###....#....#
##......###..#####...##....######
#.......##..###.@##..##....#
#......###..###.##..###....#
#......###...##.....##....##
........##....#######....##
........###....####......#
........# ##............##
........## ####......####
...>.....# ######## .........#
#############


There were no monsters in sight!

Vanquished Creatures
  The ghost of Frenchkiss the Chopper, an average DDBe of Trog (D:6)
  An ice beast (D:6)
  3 giant frogs (D:6)
  3 wights (D:7)
  A goliath beetle (D:7)
  A jelly (D:7)
  3 orc priests
  An orc wizard (D:6)
  A worker ant (D:7)
  A hound (D:4)
  A hound skeleton (D:5)
  5 gnolls
  A shadow imp (D:7)
  A worm (D:4)
  6 adders
  An adder zombie (D:7)
  7 orcs
  17 bats
  A bat zombie (D:6)
  10 goblins
  9 hobgoblins
  4 jackals
  2 quokkas
  A ball python skeleton (D:4)
  3 giant cockroaches
  7 giant geckos
  A giant gecko skeleton (D:4)
  8 giant newts
  8 kobolds
  7 rats
116 creatures vanquished.

Vanquished Creatures (collateral kills)
  A necrophage (D:7)
  A phantom (D:7)
  2 ogres
  A scorpion (D:4)
  A jelly (D:6)
  An orc wizard (D:7)
  2 hounds
  2 worker ants (D:4)
  2 gnolls (D:2)
  2 worms (D:2)
  2 orcs (D:3)
  2 bats
  A goblin (D:4)
  7 jackals
  3 kobolds
30 creatures vanquished.

Vanquished Creatures (others)
  11 crimson imps
  A gnoll (D:3)
  2 shadow imps
  6 white imps
  A worm (D:3)
21 creatures vanquished.

Grand Total: 167 creatures vanquished

Notes
Turn   | Place    | Note
--------------------------------------------------------------
     0 | D:1      | RepoMan, the Mummy Wizard, began the quest for the Orb.
     0 | D:1      | Reached XP level 1. HP: 13/13 MP: 4/4
   231 | D:1      | Reached skill level 1 in Conjurations
   396 | D:1      | Reached XP level 2. HP: 19/19 MP: 4/6
   400 | D:1      | Learned a level 2 spell: Blink
   403 | D:1      | Learned a level 2 spell: Call Imp
  1325 | D:2      | Reached XP level 3. HP: 24/24 MP: 0/8
  2112 | D:2      | Reached XP level 4. HP: 30/30 MP: 2/10
  2936 | D:3      | Found a basalt altar of Yredelemnul.
  2936 | D:3      | Found a shadowy altar of Dithmenos.
  2937 | D:3      | Found a shattered altar of Ashenzari.
  2944 | D:3      | Became a worshipper of Dithmenos the Shadowed
  3287 | D:3      | Found a radiant altar of Vehumet.
  3341 | D:3      | Reached skill level 4 in Spellcasting
  3538 | D:3      | Reached XP level 5. HP: 31/35 MP: 3/13
  4149 | D:4      | Found a blossoming altar of Fedhas.
  4258 | D:4      | Found a staircase to the Ecumenical Temple.
  4303 | D:4      | Noticed an ogre
  4310 | D:4      | Killed an ogre
  4617 | D:4      | Learned a level 3 spell: Mephitic Cloud
  4860 | D:4      | Reached XP level 6. HP: 41/41 MP: 11/15
  4925 | D:5      | Entered Level 5 of the Dungeon
  5127 | D:5      | Got a faintly glowing dagger
  5143 | D:5      | Got a fine wooden ring
  5246 | D:4      | Identified the +7 dagger "Coischul" {drain, -Cast rElec rF++} (You found it on level 5 of the Dungeon)
  5247 | D:4      | Identified the ring of Waqoecud {rPois SInv} (You found it on level 5 of the Dungeon)
  5325 | D:5      | Noticed trantor's ghost (average MiFi)
  5492 | D:6      | Noticed Frenchkiss' ghost (average DDBe)
  5545 | D:6      | Killed Frenchkiss' ghost
  5717 | D:6      | Reached XP level 7. HP: 26/46 MP: 2/18
  5982 | D:6      | Reached skill level 5 in Spellcasting
  5982 | D:6      | Reached skill level 5 in Conjurations
  6270 | D:6      | Acquired Dithmenos' first power
  6287 | D:6      | Found an ancient bone altar of Kikubaaqudgha.
  6708 | D:7      | Reached skill level 6 in Conjurations
  6735 | D:7      | Reached XP level 8. HP: 52/52 MP: 21/21
  7537 | D:$      | Safely got out of the dungeon.

Action                   |  1- 3 |  4- 6 |  7- 9 || total
-------------------------+-------+-------+-------++-------
Melee: Unarmed           |     3 |       |       ||     3
       Mace              |     2 |     2 |       ||     4
       Whip              |       |    38 |    16 ||    54
       Dagger            |       |       |     6 ||     6
       Staff             |       |       |     3 ||     3
 Fire: Blowgun           |       |       |     2 ||     2
 Cast: Magic Dart        |    79 |   135 |   107 ||   321
       Call Imp          |     9 |    41 |    24 ||    74
       Mephitic Cloud    |       |       |     3 ||     3
  Use: Scroll            |       |     2 |    11 ||    13
